 Dungeon Crawl Stone Soup version 0.19.1 (webtiles) character file.

58 DiesleWeasel the Skirmisher (level 3, 0/31 HPs)
             Began as a Minotaur Warper on Dec 7, 2016.
             Slain by an orc
             ... wielding a +0 dagger
              (4 damage)
             ... on level 3 of the Dungeon.
             The game lasted 00:08:41 (1757 turns).

DiesleWeasel the Skirmisher (Minotaur Warper)       Turns: 1757, Time: 00:08:41

Health: 0/31       AC:  4    Str: 16    XL:     3   Next: 75%
Magic:  4/4        EV: 12    Int: 10    God:
Gold:   149        SH:  0    Dex:  9    Spells: 0 memorised, 5 levels left

rFire  + . .     SeeInvis .     m - -1 mace (curse)
rCold  . . .     Gourm    .     b - +1 leather armour
rNeg   . . .     Faith    .     (no shield)
rPois  +         Spirit   .     (helmet restricted)
rElec  .         Reflect  .     (no cloak)
rCorr  .         Harm     .     (no gloves)
MR     .....                    (no boots)
Stlth  +.........               (no amulet)
                                o - ring of poison resistance
                                h - ring of protection from fire

@: no status effects
A: retaliatory headbutt, horns 2
a: no special abilities


You were on level 3 of the Dungeon.
You were not hungry.

You visited 1 branch of the dungeon, and saw 3 of its levels.

You collected 149 gold pieces.

Inventory:

Hand Weapons
 a - a +0 spear
 m - a cursed -1 mace (weapon)
 t - a +0 hand crossbow
Missiles
 e - 5 tomahawks of dispersal (quivered)
 f - 38 bolts
 g - 14 poisoned needles
 j - 32 arrows
Armour
 b - a +1 leather armour (worn)
 i - a +2 cloak
 s - +0 swamp dragon scales
Jewellery
 h - a ring of protection from fire (left hand)
 o - a ring of poison resistance (right hand)
Scrolls
 d - 2 scrolls of blinking
 n - a scroll of immolation {unknown}
 p - a scroll of amnesia
Potions
 k - a potion of agility
 l - a potion of mutation {unknown}
 q - 2 potions of invisibility {unknown}
 r - a potion of brilliance
Books
 c - a book of Spatial Translocations

   Spells                             Type                      Level
   a - Blink                          Translocation                2
   b - Shroud of Golubria             Charms/Translocation         2
   c - Lesser Beckoning               Translocation                3
   d - Portal Projectile              Translocation                3
   e - Teleport Other                 Translocation                3
   f - Passage of Golubria            Translocation                4


   Skills:
 + Level 3.3 Fighting
 + Level 0.2 Maces & Flails
 + Level 2.8 Polearms
 + Level 1.1 Throwing
 + Level 1.3 Armour
 + Level 2.9 Dodging
 + Level 0.1 Stealth
 + Level 1.8 Spellcasting
   Level 2.1 Translocations


You had 5 spell levels left.
You didn't know any spells.

Dungeon Overview and Level Annotations

Branches:
Dungeon (3/15)

Altars:


Innate Abilities, Weirdness & Mutations

You reflexively headbutt those who attack you in melee.
You have a pair of horns on your head.


Message History

You hit the orc. You headbutt the orc, but do no damage.
The orc is heavily wounded.
The orc misses you. The orc hits you with a dagger. x2
You hit the orc. You headbutt the orc.
You kill the orc!
The orc barely misses you.
You closely miss the orc priest. The orc priest hits you with a dagger.
The orc hits you with a dagger. The orc priest hits you with a dagger.
* * * LOW HITPOINT WARNING * * *
The orc hits you with a dagger.
* * * LOW HITPOINT WARNING * * *
You hit the orc priest. Your headbutt misses the orc priest.
The orc priest is lightly wounded.
The orc priest hits you but does no damage.
The orc barely misses you. You furiously retaliate!
You headbutt the orc. You hit the orc priest.
Your headbutt misses the orc priest.
The orc priest is moderately wounded.
The orc priest calls upon Beogh to heal the orc.
The orc's wounds heal themselves!
The orc hits you with a dagger.
You die...

### .. # ..###.#
#####.#.#. ...#.#..
...#.###### #.
#.........
#...#.oo.####.#
#.....@.......#
...#.###..############
# # #..#..........#
#..#.########.#
#....##....##.##
+..#####>#......# ####
##.######## #.........
#.########


You could see an orc priest and an orc.

Vanquished Creatures
  An adder (D:3)
  An ooze (D:1)
  A worm (D:2)
  A dart slug (D:1)
  2 orcs (D:3)
  A ball python (D:2)
  3 giant cockroaches
  4 goblins
  2 hobgoblins
  4 jackals
  A quokka (D:2)
  2 bats
  3 frilled lizards
  5 kobolds
  6 rats
  A plant (D:2)
38 creatures vanquished.

Notes
Turn   | Place    | Note
-------+----------+-------------------------------------------
     0 | D:1      | DiesleWeasel the Minotaur Warper began the quest for the Orb.
     0 | D:1      | Reached XP level 1. HP: 18/18 MP: 1/1
   210 | D:1      | Reached XP level 2. HP: 11/25 MP: 1/3
   897 | D:2      | Reached skill level 3 in Fighting
  1021 | D:2      | Reached XP level 3. HP: 31/31 MP: 4/4
  1757 | D:3      | Slain by an orc

Skill      XL: |  1  2 |
---------------+-------+-----
Fighting       | 3 |  3.3
Maces & Flails | |  0.2
Polearms       | |  2.8
Throwing       | |  1.1
Armour         | |  1.3
Dodging        | |  2.9
Stealth        | |  0.1
Spellcasting   | |  1.8
Translocations | |  2.1

Action                   || total
-------------------------++-------
Melee: Spear             ||    38
       Headbutt          ||    28
       Mace              ||    81
  Use: Scroll            ||     8
       Potion            ||     2
  Eat: Bread ration      ||     1
Armor: Leather armour    ||    34
Dodge: Dodged            ||    82
